 Dungeon Crawl Stone Soup version 0.20.0 (webtiles) character file.

11698 BarneyGumball the Grappler (level 11, -4/104 HPs)
             Began as a Troll Monk on May 28, 2017.
             Slain by a five-headed hydra (10 damage)
             ... on level 11 of the Dungeon.
             The game lasted 00:57:38 (9422 turns).

BarneyGumball the Grappler (Troll Monk)             Turns: 9422, Time: 00:57:40

Health: -4/104     AC:  8    Str: 24    XL:     11   Next: 52%
Magic:  10/10      EV: 14    Int:  6    God:
Gold:   56         SH:  0    Dex: 12    Spells: 10/10 levels left

rFire    + . .     SeeInvis .     - Unarmed
rCold    . . .     Gourm    +   (no shield)
rNeg     . . .     Faith    .   a - +0 robe
rPois    .         Spirit   .   (helmet restricted)
rElec    .         Reflect  .   (no cloak)
rCorr    .         Harm     .   (gloves unavailable)
MR       .....                  (boots unavailable)
Stlth    ++........             (no amulet)
Regen    0.7/turn               c - +3 ring of protection
MPRegen  0.2/turn               l - ring of protection from fire

@: about to teleport
A: unfitting armour, claws 3, fast metabolism 3, gourmand, regeneration 1,
shaggy fur 1, tough skin 2
a: no special abilities


You were on level 11 of the Dungeon.
You were very full.

You visited 1 branch of the dungeon, and saw 11 of its levels.

You collected 243 gold pieces.
You spent 187 gold pieces at shops.

Inventory:

Armour
 a - a +0 robe (worn)
Jewellery
 c - a +3 ring of protection (left claw)
 l - a ring of protection from fire (right claw)
 r - a +3 ring of intelligence
 w - an uncursed ring of stealth
 B - the ring "Pegropn" {rElec EV+3 Int+2 Slay-4}
   (You found it on level 5 of the Dungeon)

   [ring of evasion]

   It affects your evasion (+3).
   It affects your intelligence (+2).
   It affects your accuracy and damage with ranged weapons and melee attacks
   (-4).
   It insulates you from electricity.
 C - an uncursed ring of protection from fire
 K - an uncursed ring of protection from cold {unknown}
Wands
 m - a wand of polymorph (8/24)
 n - a wand of polymorph (11/24)
 y - a wand of random effects (27/48)
 G - a wand of acid (0/15)
Scrolls
 d - a scroll of noise {unknown}
 e - 2 scrolls of fog {unknown}
 f - 3 scrolls of remove curse {unknown}
 g - 4 scrolls of fear {unknown}
 h - 4 scrolls of teleportation
 k - 7 scrolls of identify
 o - a scroll of enchant armour {unknown}
 p - 2 scrolls of blinking {unknown}
 s - 4 scrolls of amnesia {unknown}
 u - 4 scrolls of recharging {unknown}
 x - 5 scrolls of enchant weapon {unknown}
 A - 2 scrolls of random uselessness {unknown}
 J - a scroll of magic mapping {unknown}
 M - 2 scrolls of immolation {unknown}
Potions
 q - a potion of lignification {unknown}
 t - a potion of degeneration {unknown}
 F - a potion of cancellation {unknown}
 H - a potion of curing
 I - a potion of might {unknown}
 L - a potion of invisibility {unknown}
 N - a potion of ambrosia {unknown}
Books
 v - a book of Conjurations

   Spells                             Type                      Level
   a - Magic Dart                     Conjuration                  1
   b - Searing Ray                    Conjuration                  2
   c - Dazzling Spray                 Conjuration/Hexes            3
   d - Fulminant Prism                Conjuration/Hexes            4
   e - Force Lance                    Conjuration/Translocation    4
   f - Iskenderun's Mystic Blast      Conjuration                  4
Comestibles
 b - 12 bread rations
 i - 6 meat rations
 z - 6 royal jellies
 E - 4 fruits


   Skills:
 + Level 5.5 Fighting
 - Level 8.0 Dodging
 - Level 1.0 Stealth
 * Level 14.6 Unarmed Combat


You had 10 spell levels left.
You didn't know any spells.

Dungeon Overview and Level Annotations

Branches:
Dungeon (11/15)              Lair (0/6) D:10
 Temple: D:4-7          Orc: D:9-12

Altars:

Shops:
D:5 }   D:6 *(

Annotations:
D:9 Maurice


Innate Abilities, Weirdness & Mutations

You are too large for most types of armour.
You have claws for hands.
Your metabolism is lightning-fast.
You like to eat raw meat.
Your natural rate of healing is unusually fast.
You are covered in fur. (AC +1)
You have very tough skin. (AC +2)


Message History

Press: ? - help, Shift-Dir - straight line, f/p - five-headed hydra
Aim: a five-headed hydra (severely wounded, covered in acid)
The bolt of acid hits the five-headed hydra.
The five-headed hydra is splashed with acid.
The acid corrodes the five-headed hydra!
The five-headed hydra is almost dead.
This wand has 0 charges left.
The five-headed hydra bites you! The five-headed hydra misses you.
The five-headed hydra bites you!
* * * LOW HITPOINT WARNING * * *
The five-headed hydra misses you. The five-headed hydra bites you!
* * * LOW HITPOINT WARNING * * *
Okay, then.
As you read the scroll of teleportation, it crumbles to dust.
You feel strangely unstable. The five-headed hydra bites you!
* * * LOW HITPOINT WARNING * * *
The five-headed hydra bites you.
* * * LOW HITPOINT WARNING * * *
The five-headed hydra closely misses you.
The five-headed hydra misses you. The five-headed hydra bites you!
You die...

...# #####.# #...#
#.. ..##.##### #
#...# #.#
#.##...... # #..
..##.####.#.......
# #
#.##...........###
.. #.#######.#.##.#
...
#.#######.#.##.#
...#
#.........#.##.#
.(..
#@#########.##.###
.##. #D# #.##....
#.# #.##..## #.#
#.##..# #.# #.##..#
#.# #.##..# #.#
#.##..##
##.#########.......
#................##


You could see a five-headed hydra.

Vanquished Creatures
  Erolcha (D:9)
  The ghost of Gridlocked the Destroyer, a journeyman DrCj of Sif Muna (D:10)
  3 death yaks (D:10)
  Pikel (D:8)
  Joseph (D:9)
  A hornet (D:11)
  2 hippogriffs
  3 wyverns
  4 yaks (D:9)
  A hungry ghost (D:10)
  Menkaure (D:5)
  3 water moccasins
  A porcupine (D:10)
  An ice beast (D:7)
  2 sky beasts
  2 black bears (D:10)
  9 orc warriors
  4 slaves
  2 necrophages
  7 ogres
  2 phantoms
  4 centaurs
  4 big kobolds
  10 bullfrogs
  A wyvern zombie (D:6)
  4 scorpions
  3 wights (D:10)
  4 howler monkeys
  A centaur zombie (D:9)
  4 crimson imps
  6 orc priests
  4 hounds
  3 jellies
  A centaur skeleton (D:10)
  11 orc wizards
  2 iguanas
  12 worker ants
  2 hell rats (D:10)
  A killer bee zombie (D:8)
  3 hound skeletons
  2 worker ant zombies
  7 adders
  A river rat (D:10)
  2 shadow imps
  An ooze (D:2)
  An adder zombie (D:6)
  2 dart slugs (D:3)
  4 leopard geckos
  34 orcs
  4 giant cockroaches
  8 goblins
  10 hobgoblins
  3 jackals (D:8)
  26 kobolds
  10 quokkas
  A ball python (D:4)
  4 bats
  A frilled lizard (D:2)
  A jackal skeleton (D:5)
  A quokka skeleton (D:10)
  A quokka zombie (D:5)
  5 rats
261 creatures vanquished.

Notes
Turn   | Place    | Note
-------+----------+-------------------------------------------
     0 | D:1      | BarneyGumball the Troll Monk began the quest for the Orb.
     0 | D:1      | Reached XP level 1. HP: 22/22 MP: 0/0
     1 | D:1      | Noticed an electric eel
   191 | D:1      | Reached XP level 2. HP: 29/29 MP: 1/1
   578 | D:2      | Reached XP level 3. HP: 36/36 MP: 2/2
   743 | D:2      | Reached skill level 4 in Unarmed Combat
  1065 | D:3      | Found a faded altar of an unknown god.
  1295 | D:3      | Reached XP level 4. HP: 44/44 MP: 3/3
  1889 | D:4      | Noticed an ogre
  1962 | D:4      | Reached skill level 5 in Unarmed Combat
  1962 | D:4      | Reached XP level 5. HP: 43/50 MP: 4/4
  2042 | D:4      | Noticed an ogre
  2236 | D:5      | Entered Level 5 of the Dungeon
  2281 | D:5      | Noticed an ogre
  2321 | D:5      | Reached XP level 6. HP: 59/59 MP: 5/5
  2389 | D:5      | Reached skill level 6 in Unarmed Combat
  2607 | D:5      | Found Roagerr's Gadget Emporium.
  2635 | D:5      | Noticed Menkaure
  2885 | D:5      | Reached XP level 7. HP: 66/66 MP: 6/6
  2890 | D:5      | Reached skill level 7 in Unarmed Combat
  2956 | D:5      | Got a steaming platinum ring
  2958 | D:5      | Identified the ring "Pegropn" {rElec EV+3 Int+2 Slay-4} (You found it on level 5 of the Dungeon)
  3294 | D:6      | Found Nookh's General Store.
  3319 | D:6      | Bought 2 fruits for 36 gold pieces
  3319 | D:6      | Bought 26 stones for 31 gold pieces
  3319 | D:6      | Bought a potion of heal wounds for 60 gold pieces
  3319 | D:6      | Bought a potion of curing for 36 gold pieces
  3319 | D:6      | Bought a scroll of identify for 24 gold pieces
  3334 | D:6      | Reached skill level 5 in Dodging
  3413 | D:6      | Reached skill level 8 in Unarmed Combat
  3413 | D:6      | Reached XP level 8. HP: 54/74 MP: 7/7
  3634 | D:5      | Killed Menkaure
  3638 | D:5      | Reached skill level 9 in Unarmed Combat
  3741 | D:6      | Found Hidoobb's Antique Weapon Emporium.
  4306 | D:7      | Noticed a hippogriff
  4316 | D:7      | Killed a hippogriff
  4316 | D:7      | Reached skill level 10 in Unarmed Combat
  4316 | D:7      | Reached XP level 9. HP: 80/80 MP: 8/8
  5163 | D:8      | Reached skill level 11 in Unarmed Combat
  5847 | D:9      | Noticed Erolcha
  5943 | D:8      | Reached XP level 10. HP: 88/88 MP: 9/9
  6004 | D:9      | Noticed a two-headed ogre
  6005 | D:9      | Noticed Joseph
  6148 | D:9      | Reached skill level 12 in Unarmed Combat
  6244 | D:9      | Noticed Pikel
  6480 | D:9      | Killed Erolcha
  6657 | D:9      | Killed Joseph
  7066 | D:9      | Reached skill level 13 in Unarmed Combat
  7090 | D:9      | Noticed Maurice
  7125 | D:8      | Killed Pikel
  7352 | D:10     | Entered Level 10 of the Dungeon
  7715 | D:10     | Reached XP level 11. HP: 37/100 MP: 10/10
  7721 | D:10     | Noticed a death yak
  7828 | D:11     | Noticed a five-headed hydra
  7852 | D:10     | Killed a death yak
  8026 | D:10     | Noticed a death yak
  8042 | D:10     | Killed a death yak
  8042 | D:10     | Reached skill level 14 in Unarmed Combat
  8043 | D:10     | Noticed a death yak
  8457 | D:10     | Killed a death yak
  8585 | D:10     | Noticed Gridlocked's ghost (journeyman DrCj)
  8661 | D:10     | Killed Gridlocked's ghost
  8661 | D:10     | Reached skill level 5 in Fighting
  8713 | D:10     | Found a staircase to the Lair.
  9422 | D:11     | Slain by a five-headed hydra

Skill      XL: |  1  2  3  4  5  6  7  8  9 10 11 |
---------------+----------------------------------+-----
Unarmed Combat | 4 5 6 8 10 11 13 14 | 14.6
Dodging        | 3 4 5 6 7 8 |  8.0
Fighting       | 4 5 |  5.5
Stealth        | |  1.0

Action                   |  1- 3 |  4- 6 |  7- 9 | 10-12 || total
-------------------------+-------+-------+-------+-------++-------
Melee: Unarmed           |    73 |   102 |   325 |   283 ||   783
       Punch             |     1 |     3 |    14 |    15 ||    33
Evoke: Wand              |       |       |       |     4 ||     4
  Use: Scroll            |       |     1 |     3 |     2 ||     6
       Potion            |       |       |     3 |     2 ||     5
 Stab: Sleeping          |     1 |     3 |     5 |     1 ||    10
       Distracted        |       |       |     1 |     1 ||     2
  Eat: Chunk             |    17 |    15 |    23 |    39 ||    94
Armor: Robe              |    29 |    32 |    70 |    54 ||   185
Dodge: Dodged            |    26 |    46 |   130 |   129 ||   331
